 Seeded DCSS version 0.30-a0-793-g160f7cfddd (webtiles) character file.

Game seed: 2869265305504195120 (custom seed)

111 timneilson the Covered (level 4, -1/28 HPs)
             Began as a Gargoyle Fighter on Feb 19, 2023.
             Slain by a gnoll
             ... wielding a +0 halberd
              (4 damage)
             ... on level 3 of the Dungeon.
             The game lasted 00:03:19 (1996 turns).

timneilson the Covered (Gargoyle Fighter)           Turns: 1996, Time: 00:03:20

Health: -1/28      AC: 13    Str: 20    XL:     4   Next: 92%
Magic:  4/4        EV:  7    Int:  8    God:
Gold:   1040       SH:  4    Dex: 11    Spells: 3/3 levels left

rFire   . . .      SeeInvis .    h - +1 scimitar
rCold   . . .      Faith    .    c - +0 buckler
rNeg    + . .      Spirit   .    l - +0 chain mail
rPois   ∞          Reflect  .    (no helmet)
rElec   +          Harm     .    (no cloak)
rCorr   +          Rampage  .    (no gloves)
Will    .....                    (no boots) Stlth
                                 (no amulet)
HPRegen 0.24/turn                e - ring of resist corrosion
MPRegen 0.09/turn                (no ring)

@: no status effects
A: sickness immunity, AC +3, negative energy resistance 1, electricity
resistance, torment resistance 1, petrification resistance
a: no special abilities


You were on level 3 of the Dungeon.
You visited 1 branch of the dungeon, and saw 3 of its levels.

You collected 1144 gold pieces.
You spent 104 gold pieces at shops.

Inventory:

Hand Weapons
 a - a +0 long sword
 h - a +1 scimitar (weapon)
Armour
 c - a +0 buckler (worn)
 l - a +0 chain mail (worn)
Jewellery
 e - a ring of resist corrosion (left hand)
 i - a ring of fire
Scrolls
 b - a scroll of silence
 k - a scroll of enchant armour
Potions
 d - a potion of might
 f - a potion of cancellation
 j - a potion of brilliance
 m - 2 potions of mutation


   Skills:
 + Level 3.6 Fighting
 * Level 2.7 Long Blades
 * Level 4.2 Armour
 + Level 0.9 Dodging
 * Level 4.0 Shields


You had 3 spell levels left.
You didn't know any spells.
Your spell library contained the following spells:

 Spells                   Type           Power      Damage    Failure   Level
 Sandblast                Erth           0%         2d4       99%         1
 Passwall                 Tmut/Erth      0%         N/A       100%        2
 Stone Arrow              Conj/Erth      0%         3d7       100%        3


Dungeon Overview and Level Annotations

Branches:
Dungeon (3/15)

Altars:

Shops:
D:3 ((:


Innate Abilities, Weirdness & Mutations

You are immune to sickness and miasma.
Your stone body is resilient. (AC +3)
You are immune to poison.
You resist negative energy. (rN+)
You are resistant to electric shocks. (rElec)
You are resistant to unholy torment.
You are immune to petrification.


Message History

The gnoll hits you with a +0 flail! The gnoll barely misses you.
The jackal bites you but does no damage.
The gnoll hits you but does no damage. The gnoll hits you with a +0 flail!
* * * LOW HITPOINT WARNING * * *
You hit the jackal.
The jackal is heavily wounded.
The jackal bites you but does no damage.
The jackal barely misses you. The gnoll barely misses you.
The gnoll hits you from afar with a +0 halberd.
* * * LOW HITPOINT WARNING * * *
You hit the jackal.
You kill the jackal!
You block the gnoll's attack. The gnoll barely misses you.
The jackal bites you but does no damage.
You slash the jackal!
You kill the jackal!
The gnoll hits you but does no damage. The gnoll barely misses you.
The jackal barely misses you.
You barely miss the jackal.
The jackal bites you but does no damage.
The gnoll hits you but does no damage. You block the gnoll's attack.
The jackal bites you but does no damage.
The gnoll closely misses you. x2
You closely miss the jackal.
The jackal bites you but does no damage.
The jackal bites you.
* * * LOW HITPOINT WARNING * * *
The gnoll hits you from afar with a +0 halberd.
* * * LOW HITPOINT WARNING * * *
The gnoll hits you but does no damage.
You slash the jackal!
You kill the jackal!
The gnoll closely misses you. x2
Okay, then.
Things that are here:
a jackal corpse; a jackal corpse
There is a stone staircase leading up here.
You block the gnoll's attack.
The gnoll hits you from afar with a +0 halberd.
You die...

###.####### #.#
#.......... #.#
#.#..###### #.#
#.#..# #.# #.#..#
### #.#
#.#..####.. #.#
#.#.......# #.#
#g##....### #@#
#.#####.# #g# #g#
#.# #g# #.# #.#
#.# #.# #.#
#.######.#####.###
#....g.g..........
##########.###.###
#.# #.# #.# #.#


You could see 2 gnolls.

Vanquished Creatures
  Natasha (D:3)
  2 adders (D:2)
  2 worms
  3 dart slugs
  An endoplasm (D:3)
  A giant cockroach (D:1)
  8 goblins
  2 hobgoblins (D:1)
  5 jackals
  2 kobolds
  4 quokkas
  9 ball pythons
  4 bats
  6 frilled lizards
  8 rats
58 creatures vanquished.

Notes
Turn   | Place    | Note
-------+----------+-------------------------------------------
     0 | D:1      | timneilson the Gargoyle Fighter began the quest for the
                  | Orb.
     0 | D:1      | Reached XP level 1. HP: 14/14 MP: 1/1
   134 | D:1      | Reached XP level 2. HP: 19/19 MP: 2/2
   668 | D:1      | Reached XP level 3. HP: 23/23 MP: 3/3
  1290 | D:2      | Identified the +6 quarterstaff "Daifyann" {elec, +Blink
                  | rPois Dex+2}
  1339 | D:2      | Identified a scroll of acquirement
  1339 | D:2      | Acquired 1034 gold pieces
  1392 | D:2      | Reached XP level 4. HP: 27/28 MP: 4/4
  1718 | D:3      | Noticed Natasha
  1736 | D:3      | Killed Natasha
  1832 | D:3      | Found Wuiraulo's Book Shoppe.
  1876 | D:3      | Found Haokleeh's Weapon Shoppe.
  1886 | D:3      | Found Zyidd's Antique Weapon Emporium.
  1891 | D:3      | Bought a scimitar for 104 gold pieces
  1991 | D:3      | HP: 1/28 [gnoll/+0 halberd (4)]
  1996 | D:3      | Slain by a gnoll

Illustrated notes

Levels and vault maps discovered:
D:1:      nagdon_arrival_double_spiral, layout_basic
D:2:      layout_loops_ring, serial_bayou_pond_d, minmay_pentomino_z4
D:3:      layout_loops_ring, serial_shops, shop, shop, shop,
          nicolae_diamond_shop, uniq_natasha, uniq_pargi

Skill      XL: |  1  2  3  4 |
---------------+-------------+-----
Long Blades    | 2 |  2.7
Armour         | 4 |  4.2
Shields        | 4 |  4.0
Fighting       | |  3.6
Dodging        | |  0.9

Action                     |  1- 3 |  4- 6 || total
---------------------------+-------+-------++-------
  Melee: Long sword        |   151 |    46 ||   197
         Scimitar          |       |    16 ||    16
    Use: Scroll            |     1 |     7 ||     8
 Armour: Scale mail        |    55 |       ||    55
         Chain mail        |    21 |    51 ||    72
  Dodge: Dodged            |    66 |    32 ||    98
  Block: Buckler           |    39 |    12 ||    51

Table legend: (Time is in decaauts)
 A = Elapsed time spent in this place.
 B = Non-inter-level travel time spent in this place.
 C = Inter-level travel time spent in this place.
 D = Time resting spent in this place.
 E = Time spent auto-exploring this place.
 F = Levels seen in this place.
 G = Mean time per level.
                   A        B        C        D        E       F      G
               +--------+--------+--------+--------+--------+-----+--------+
         Total |   2073 |   2005 |     68 |      0 |   1475 |   3 |  691.0 |
       Dungeon |   2073 |   2005 |     68 |      0 |   1475 |   3 |  691.0 |
               +--------+--------+--------+--------+--------+-----+--------+

Top non-repeatable levels by time:
     D:1: 1014 daAuts
     D:2: 729 daAuts
     D:3: 329 daAuts
